 Dungeon Crawl Stone Soup version 0.27.0 (webtiles) character file.

Game seed: 11509099065063930291

79546 shadowrider38 the Executioner (level 15, -7/141 (147) HPs)
             Began as a Minotaur Berserker on July 31, 2021.
             Was a High Priest of Trog.
             Mangled by an orc warrior (18 damage)
             ... on level 1 of the Orcish Mines.
             The game lasted 01:45:15 (26882 turns).

shadowrider38 the Executioner (Minotaur Berserker) Turns: 26882, Time: 01:45:15

HP:   -7/141 (147)  AC: 21    Str: 33    XL:     15   Next: 21%
MP:   14/14         EV:  9    Int:  5    God:    Trog [*****.]
Gold: 1937          SH:  0    Dex: 14    Spells: 14/14 levels left

rFire    + . .     SeeInvis .   a - +7 executioner's axe of Propriety {vorpal, Dex+4}
rCold    + + .     Faith    .   (shield currently unavailable)
rNeg     . . .     Spirit   .   b - +0 plate armour {rC+}
rPois    +         Reflect  .   (helmet restricted)
rElec    .         Harm     .   Z - scarf {rC+ rF+}
rCorr    .         Rampage  +   f - +1 pair of gloves
Will     +....                  A - +2 pair of boots {rampage}
Stlth    ..........             e - amulet of the acrobat
HPRegen  0.33/turn              r - +6 ring of strength
MPRegen  0.14/turn              K - ring of poison resistance

@: about to teleport, lightly drained
A: horns 2, retaliatory headbutt
a: Renounce Religion, Berserk, Trog's Hand, Brothers in Arms


You were on level 1 of the Orcish Mines.
You worshipped Trog.
Trog was extremely pleased with you.
You visited 3 branches of the dungeon, and saw 20 of its levels.
You also visited: Ossuary and Ice Cave.

You collected 2863 gold pieces.
You spent 926 gold pieces at shops.

Inventory:

Hand Weapons
 a - the +7 executioner's axe of Propriety (weapon) {vorpal, Dex+4}
   (Trog gifted it to you on level 6 of the Lair of Beasts)

   It inflicts extra damage upon your enemies.
   Dex:       It affects your dexterity (+4).
 u - a +0 arbalest
 D - a +7 battleaxe of flaming
 Y - the +5 mace "Impbane" {freeze, MP+9 Int+7}
   (You found it on level 2 of the Lair of Beasts)

   It freezes those it strikes, dealing additional cold damage.
   It can also slow down cold-blooded creatures.
   Int:       It affects your intelligence (+7).
   MP:        It affects your magic capacity (+9).
Missiles
 g - 48 stones
 J - 2 throwing nets (quivered)
 U - 101 poisoned darts
Armour
 b - a +0 plate armour of cold resistance (worn)
 f - a +1 pair of gloves (worn)
 A - a +2 pair of boots of rampaging (worn)
 I - a +2 tower shield of cold resistance
 Z - a scarf of resistance (worn)
Jewellery
 e - an amulet of the acrobat (around neck)
 j - an amulet of guardian spirit
 r - a +6 ring of strength (left hand)
 C - a +6 ring of dexterity
 K - a ring of poison resistance (right hand)
 P - a ring of see invisible
Wands
 B - a wand of mindburst (47)
 F - a wand of polymorph (27)
 L - a wand of digging (2)
 X - a wand of acid (23)
Scrolls
 c - 5 scrolls of noise
 h - 9 scrolls of teleportation
 k - a scroll of vulnerability
 l - 4 scrolls of amnesia
 m - 4 scrolls of immolation
 q - 3 scrolls of fog
 t - 6 scrolls of brand weapon
 x - 3 scrolls of holy word {unknown}
 y - 3 scrolls of fear
 z - 2 scrolls of summoning
 E - a scroll of acquirement {unknown}
 G - a scroll of blinking {unknown}
 O - 2 scrolls of magic mapping
Potions
 d - 5 potions of flight
 i - 3 potions of might
 n - 7 potions of curing
 o - 3 potions of attraction
 p - 2 potions of heal wounds
 s - 2 potions of lignification
 v - 3 potions of brilliance
 w - 4 potions of ambrosia
 H - 2 potions of haste
 W - 3 potions of cancellation
Miscellaneous
 R - a phial of floods


   Skills:
 - Level 17.3 Fighting
 * Level 22.5 Axes
 - Level 11.0 Armour
 - Level 2.4 Dodging
 - Level 0.4 Shields


You had 14 spell levels left.
You didn't know any spells.
Your spell library was empty.

Dungeon Overview and Level Annotations

Branches:
Dungeon (12/15) Temple (0/1) D:6 Lair (6/6) D:11 Shoals (0/4) Lair:3 Snake (0/4) Lair:2 Orc (2/2) D:10 Elf (0/3) Orc:1 Orc:2 Ossuary (visited) IceCv (visited) Slime: Lair:5-6

Altars:
Dithmenos
Fedhas
Gozag
Hepliaklqana
Trog
Uskayaw
Xom
The Shining One

Shops:
D:1 [   D:4 [

Portals:
Trove: D:10 (give +4 ice dragon scales)

Annotations:
D:3 1 runed translucent door, Crazy Yiuf
Lair:6 exclusion: oklob plant


Innate Abilities, Weirdness & Mutations

You have a pair of horns on your head.
You reflexively headbutt those who attack you in melee.


Message History

You can move again.
There is a stone staircase leading up, spattered with blood here.
The orc warlord roars a battlecry!
The orcs go into a battle-frenzy!
The orc barely misses you. You furiously retaliate!
You headbutt the orc!!
You kill the orc!
Trog accepts your kill.
The orc warrior hits you from afar with a +0 trident!
The orc wizard hits you but does no damage.
The orc warrior hits you with a +3 mace of protection!
* * * LOW HITPOINT WARNING * * *
The orc warrior hits you from afar with a +0 trident.
* * * LOW HITPOINT WARNING * * *
The troll completely misses you. The troll claws you.
* * * LOW HITPOINT WARNING * * *
The troll barely misses you.
The orc wizard hits you with a +0 dagger.
* * * LOW HITPOINT WARNING * * *
The orc warrior barely misses you.
The orc warrior hits you with a +1 vampiric short sword!
* * * LOW HITPOINT WARNING * * *
You climb upwards.
Reactivating autopickup.
There is a stone staircase leading down, spattered with blood here.
As you read the scroll of fear, it crumbles to dust.
You assume a fearsome visage.
The orc warrior resists with some effort.
The orc warrior looks frightened!
The orc wizard looks frightened!
The troll looks frightened!
The orc wizard looks frightened!
The orc warlord looks frightened!
The orc warrior looks frightened!
The orc wizard mumbles some strange words.
The orc wizard flickers and vanishes!
Deactivating autopickup; reactivate with Ctrl-A.
The orc warrior hits you but does no damage.
The orc wizard gestures wildly while chanting.
The orc wizard flickers and vanishes!
As you read the scroll of teleportation, it crumbles to dust.
You feel strangely unstable.
The orc warrior hits you with a +3 mace of protection!!
You die...

###.## ##### ###....# ##...#
#.....## ##....###
#..).>.###.......##
###..##...#..###....# #
##....##...o.#.###..#####
#....#####.).####....#.#. #
####...####)T[..##......### ##
#.#.[...##@{..o.###...###.. .###
##...#....#o).....#....#....
...###...#.#...).#o##......##....
...#....#...#...#######.#####....
#..#.....#.#....# #...##...###
#......#..#..#..## ####.#....##
###...###........# ##...####
.#...###.....##.## ##..####
.......##..#####.## ##.....


You could see an orc warlord (strong, fleeing), a troll (fleeing) and 3 orc
warriors.

Vanquished Creatures
  Gastronok (Lair:3)
  9 hydras
  2 ironbound frosthearts (IceCv)
  Erica (D:8)
  2 catoblepae
  3 two-headed ogres
  10 death yaks
  An orc high priest (D:10)
  2 goliath frogs (Lair:6)
  3 orc knights
  An orc sorcerer (Orc:1)
  2 manticores
  A cyclops (D:10)
  8 black mambas
  18 elephants
  A guardian serpent (shapeshifter) (D:8)
  23 cane toads
  A yaktaur (shapeshifter) (D:8)
  5 rime drakes
  2 kobold demonologists (D:10)
  An unseen horror (D:10)
  10 komodo dragons
  Maggie (D:8)
  2 trolls
  A wind drake (Lair:3)
  9 polar bears
  3 tyrant leeches (Lair:6)
  24 blink frogs
  Prince Ribbit (D:5)
  3 dream sheep (Lair:3)
  Grinder (D:3)
  3 shadows
  7 wyverns
  2 basilisks
  66 yaks
  6 vampire mosquitoes
  4 wargs (Orc:1)
  3 acid dragons
  27 water moccasins
  4 black bears
  2 ice beasts
  A sky beast (D:5)
  12 orc warriors
  11 ogres
  44 wolves
  2 centaurs
  3 kobold brigands
  A phantom (D:5)
  7 scorpions
  16 bullfrogs
  A gnoll sergeant (D:9)
  A wyvern skeleton (D:7)
  A water moccasin zombie (D:6)
  9 killer bees
  9 wights
  2 howler monkeys
  4 crimson imps (D:8)
  3 centaur zombies
  2 bullfrog zombies (D:6)
  5 orc priests
  4 jellies
  2 bullfrog skeletons (D:5)
  A gnoll shaman (D:8)
  7 hell rats (Lair:6)
  4 iguanas
  19 orc wizards
  A killer bee zombie (D:6)
  8 mummies (Ossuary)
  Robin (D:2)
  20 gnolls
  8 adders
  2 howler monkey skeletons
  A river rat (D:5)
  2 white imps (D:6)
  An adder skeleton (D:4)
  2 worms
  52 orcs
  7 ball pythons
  6 endoplasms
  A giant cockroach (D:2)
  2 gnoll zombies (Ossuary)
  14 goblins
  8 hobgoblins
  4 jackals
  5 quokkas
  5 bats
  17 frilled lizards
  A hobgoblin zombie (Ossuary)
  7 kobolds
  3 kobold zombies (Ossuary)
  2 orc zombies (Ossuary)
  5 rats
  A butterfly (Lair:2)
  A plant (Lair:4)
634 creatures vanquished.

Vanquished Creatures (collateral kills)
  An orc warrior (Orc:1)
1 creature vanquished.

Vanquished Creatures (others)
  66 fungi
  133 plants
199 creatures vanquished.

Grand Total: 834 creatures vanquished

Notes
Turn   | Place    | Note
-------+----------+-------------------------------------------
     0 | D:1      | shadowrider38 the Minotaur Berserker began the quest for
                  | the Orb.
     0 | D:1      | Reached XP level 1. HP: 19/19 MP: 0/0
   230 | D:1      | Found a faded altar of an unknown god.
   247 | D:1      | Found Rirphomig's Armour Shoppe.
   293 | D:1      | Reached XP level 2. HP: 19/27 MP: 1/1
   304 | D:1      | Reached skill level 4 in Axes
   361 | D:1      | Reached ** piety under Trog
   761 | D:1      | Reached XP level 3. HP: 27/33 MP: 2/2
   962 | D:2      | Reached XP level 4. HP: 40/41 MP: 3/3
  1012 | D:2      | Noticed Robin
  1033 | D:2      | Killed Robin
  1194 | D:2      | Reached skill level 5 in Axes
  1520 | D:3      | Found a blossoming altar of Fedhas.
  1521 | D:3      | Noticed Grinder
  1553 | D:2      | Reached XP level 5. HP: 40/47 MP: 4/4
  1609 | D:3      | Killed Grinder
  1610 | D:3      | Reached skill level 7 in Axes
  1610 | D:3      | Reached XP level 6. HP: 34/55 MP: 5/5
  1807 | D:3      | Reached *** piety under Trog
  1868 | D:3      | Found a runed translucent door.
  1869 | D:3      | Noticed Crazy Yiuf
  2056 | D:3      | Reached skill level 8 in Axes
  2613 | D:4      | Reached XP level 7. HP: 57/60 MP: 6/6
  2661 | D:4      | Reached skill level 9 in Axes
  2883 | D:4      | Found a shadowy altar of Dithmenos.
  3021 | D:4      | Found Giqitz's Antique Armour Shoppe.
  3139 | D:4      | Found a sand-covered staircase.
  3143 | Ossuary  | Entered an ossuary
  3159 | Ossuary  | Reached **** piety under Trog
  3332 | Ossuary  | Reached skill level 10 in Axes
  3582 | D:1      | Bought a +1 pair of boots of rampaging for 198 gold pieces
  3784 | D:5      | Entered Level 5 of the Dungeon
  3949 | D:5      | Found a bloodstained altar of Trog.
  3953 | D:5      | Reached XP level 8. HP: 67/67 MP: 7/7
  3993 | D:5      | Reached skill level 11 in Axes
  4030 | D:5      | Reached skill level 12 in Axes
  4038 | D:5      | Reached skill level 13 in Axes
  4302 | D:5      | Reached XP level 9. HP: 72/73 MP: 8/8
  4407 | D:5      | Found an opulent altar of Gozag.
  5036 | D:5      | Noticed Prince Ribbit
  5046 | D:5      | Killed Prince Ribbit
  5047 | D:5      | Reached skill level 14 in Axes
  5278 | D:6      | Found a staircase to the Ecumenical Temple.
  5427 | D:6      | Reached skill level 5 in Armour
  5868 | D:6      | Found a glowing golden altar of the Shining One.
  5868 | D:6      | Found a hide-covered altar of Uskayaw.
  5962 | D:7      | Noticed a two-headed ogre
  5972 | D:6      | Killed a two-headed ogre
  5972 | D:6      | Reached ***** piety under Trog
  5973 | D:6      | Reached XP level 10. HP: 63/80 MP: 9/9
  6425 | D:6      | Reached skill level 10 in Armour
  7275 | D:8      | Received a gift from Trog
  7549 | D:8      | Noticed a manticore
  7556 | D:8      | Killed a manticore
  7612 | D:8      | Noticed a guardian serpent
  7618 | D:8      | Killed a guardian serpent
  7619 | D:8      | Reached skill level 15 in Axes
  7768 | D:8      | Found a shimmering altar of Xom.
  7945 | D:8      | Noticed Erica
  8214 | D:8      | Noticed Maggie
  8223 | D:8      | Killed Maggie
  8381 | D:8      | Killed Erica
  8564 | D:8      | Noticed a two-headed ogre
  8569 | D:8      | Killed a two-headed ogre
  8570 | D:8      | Reached skill level 16 in Axes
  8570 | D:8      | Reached XP level 11. HP: 85/85 MP: 10/10
  9133 | D:9      | Found a hazy altar of Hepliaklqana.
  9606 | D:9      | You fall into a shaft and drop 3 floors!
  9606 | D:12     | Noticed a green ugly thing
  9762 | D:11     | Identified the +5 dagger "Orb Guardian's Foe" {speed, rF+
                  | Stlth+}
  9820 | D:10     | Entered Level 10 of the Dungeon
  9963 | D:10     | Noticed a two-headed ogre
  9972 | D:10     | Killed a two-headed ogre
  9973 | D:10     | Reached skill level 17 in Axes
 11286 | D:10     | Received a gift from Trog
 11434 | D:10     | Reached skill level 18 in Axes
 11471 | D:10     | Found a portal to a secret trove of treasure.
 11530 | D:10     | Found a staircase to the Orcish Mines.
 11875 | D:4      | Bought a shiny plate armour for 728 gold pieces
 12233 | D:11     | Found a staircase to the Lair.
 13332 | Lair:1   | Entered Level 1 of the Lair of Beasts
 13782 | Lair:1   | Reached XP level 12. HP: 77/93 MP: 11/11
 13784 | Lair:1   | Reached skill level 19 in Axes
 14484 | Lair:2   | Noticed a catoblepas
 14503 | Lair:1   | Killed a catoblepas
 14847 | Lair:2   | Identified the +5 mace "Impbane" {freeze, MP+9 Int+7}
 14918 | Lair:2   | Noticed a six-headed hydra
 14950 | Lair:2   | Killed a six-headed hydra
 15068 | Lair:2   | Reached skill level 20 in Axes
 15069 | Lair:2   | Reached skill level 5 in Fighting
 15269 | Lair:2   | Found a staircase to the Snake Pit.
 15295 | Lair:2   | Noticed a six-headed hydra
 15305 | Lair:2   | Killed a six-headed hydra
 15483 | Lair:2   | Noticed a seven-headed hydra
 15496 | Lair:2   | Killed a seven-headed hydra
 15817 | Lair:2   | Reached skill level 10 in Fighting
 16633 | Lair:3   | Reached XP level 13. HP: 103/116 MP: 12/12
 17745 | Lair:3   | Noticed Gastronok
 17758 | Lair:3   | Killed Gastronok
 18038 | Lair:3   | Found a staircase to the Shoals.
 18753 | Lair:3   | Received a gift from Trog
 19165 | Lair:4   | Reached skill level 15 in Fighting
 19916 | Lair:4   | Reached XP level 14. HP: 115/137 MP: 13/13
 21011 | Lair:6   | Entered Level 6 of the Lair of Beasts
 21610 | Lair:6   | Identified the +7 executioner's axe of Propriety {vorpal,
                  | Dex+4} (Trog gifted it to you on level 6 of the Lair of
                  | Beasts)
 21610 | Lair:6   | Received a gift from Trog
 22716 | Lair:6   | Reached skill level 21 in Axes
 23774 | Orc:1    | Entered Level 1 of the Orcish Mines
 24037 | Orc:1    | Found a frozen archway.
 24160 | Orc:1    | Received a gift from Trog
 24202 | IceCv    | Entered an ice cave
 24902 | IceCv    | Reached XP level 15. HP: 147/147 MP: 14/14
 24906 | IceCv    | Reached skill level 22 in Axes
 26093 | Orc:1    | Reached ****** piety under Trog
 26094 | Orc:1    | Received a gift from Trog
 26336 | Orc:2    | Entered Level 2 of the Orcish Mines
 26336 | Orc:2    | Found a staircase to the Elven Halls.
 26336 | Orc:2    | Noticed an orc warlord
 26341 | Orc:2    | Noticed an orc warlord
 26877 | Orc:2    | Paralysed by an orc sorcerer for 2 turns
 26882 | Orc:1    | Mangled by an orc warrior

Illustrated notes

Levels and vault maps discovered:
D:1:      lightli_arrival_chessboard, layout_rooms,
          shapermc_ecumenical_altar_flowoftime, serial_shops,
          nicolae_shop_waterfront, minmay_lizard_pond
D:2:      layout_basic, uniq_robin
D:3:      layout_basic, lemuel_round_altar, chequers_serial_rivers_room_a,
          minmay_randomly_rotated_circles, uniq_crazy_yiuf_cottage, uniq_grinder
D:4:      layout_loops_ring, mainiacjoe_overflow_brackets, serial_shops,
          nicolae_lakefront_shop, nicolae_ossuary_entry_plus
D:5:      cheibrodos_two_vegetables, layout_rooms, mainiacjoe_overflow_catwalk,
          mainiacjoe_overflow_boulevard, lightli_sewer_entry_pipes,
          uniq_prince_ribbit1
D:6:      layout_rooms, gammafunk_temple_overflow_statue,
          minmay_temple_entry_arrows, hangedman_abyss_or_decor_stabs,
          kennysheep_big_empty_room
D:7:      layout_rooms
D:8:      layout_layer_cave, led_xom_imps, enter_bailey_2,
          amcnicky_mini_corridor_feature, minmay_three_doors, uniq_maggie,
          uniq_erica
D:9:      layout_grid_maze, nicolae_overflow_hidden_temple, serial_glass,
          glass_columns_a, glass_columns_a
D:10:     layout_loops_cross, hiddenorc1_lemuel, nicolae_trove_entry_free_sample
D:11:     minmay_goldmine, layout_loops_corners, due_lair_maze_entry_diamond
D:12:     layout_cross, serial_undead, serial_undead_b, serial_undead_e,
          serial_undead_f, serial_undead_d, chequers_serial_rivers_small_a,
          hellmonk_guarded_unrand_dark_maul, uniq_rupert
Lair:1:   layout_concentric_octagons
Lair:2:   layout_hall_layers, minmay_snake_entry_six_corridors,
          lemuel_fruit_fields, lemuel_fruit_tree
Lair:3:   nzn_winding_woodlands_stair_cross [nzn_winding_woodlands_5x15_eye,
          nzn_winding_woodlands_center_lodge,
          nzn_winding_woodlands_5x15_default,
          nzn_winding_woodlands_5x5_checkerboard,
          nzn_winding_woodlands_5x5_perimeter,
          nzn_winding_woodlands_5x15_concentric,
          nzn_winding_woodlands_center_triple_pond,
          nzn_winding_woodlands_5x15_twine], layout_long_grid,
          minmay_shoals_entry_beasts, uniq_gastronok
Lair:4:   layout_loops_ring
Lair:5:   layout_cave_shapes, infiniplex_staircase_pool, serial_bayou_shore_b
Lair:6:   minmay_lair_end_frog_pond, layout_gridlike,
          minmay_slime_entry_oklob_enclosed, grunt_megastairs_5
Orc:1:    layout_diamond_mine, portal_ice_cave_entry_pillars_2
Orc:2:    st_orc_congregation, layout_diamond_mine, uniq_urug

Skill      XL: |  1  2  3  4  5  6  7  8  9 10 11 12 13 14 15 |
---------------+----------------------------------------------+-----
Fighting       | 4 11 16 17 | 17.3
Axes           | 4 5 7 8 10 13 14 16 18 20 21 22 | 22.5
Armour         | 3 9 11 | 11.0
Dodging        | |  2.4
Shields        | |  0.4

Action                   |  1- 3 |  4- 6 |  7- 9 | 10-12 | 13-15 || total
-------------------------+-------+-------+-------+-------+-------++-------
Melee: Hand axe          |    69 |   118 |   263 |    98 |       ||   548
       Headbutt          |     9 |    21 |    73 |   112 |   142 ||   357
       Battleaxe         |       |       |       |   405 |   270 ||   675
       Mace              |       |       |       |    13 |    13 ||    26
       Executioner's axe |       |       |       |       |   300 ||   300
Invok: Berserk           |     2 |     3 |     4 |    18 |    15 ||    42
       Brothers in Arms  |       |       |       |       |     1 ||     1
  Use: Scroll            |       |       |       |    16 |    20 ||    36
       Potion            |       |       |       |       |     1 ||     1
 Stab: Distracted        |       |       |       |     1 |       ||     1
Armor: Chain mail        |    36 |    64 |    40 |       |       ||   140
       Animal skin       |     2 |       |       |       |       ||     2
       Plate armour      |       |       |    39 |   225 |   256 ||   520
Dodge: Dodged            |    20 |    40 |    91 |   255 |   294 ||   700
